 Dungeon Crawl Stone Soup version 0.27.0-1-g7a08968 (webtiles) character file.

Game seed: 14828945509501323642

35 tokuyamm9 the Skirmisher (level 3, -4/33 HPs)
             Began as a Hill Orc Fighter on Aug 14, 2021.
             Killed from afar by Sigmund (7 damage)
             ... with a magic dart
             ... on level 2 of the Dungeon.
             The game lasted 00:02:01 (1398 turns).

tokuyamm9 the Skirmisher (Hill Orc Fighter)         Turns: 1398, Time: 00:02:02

Health: -4/33      AC:  7    Str: 19    XL:     3   Next: 35%
Magic:  3/3        EV:  7    Int:  8    God:
Gold:   96         SH:  9    Dex: 10    Spells: 2/2 levels left

rFire    . . .     SeeInvis .   a - +0 war axe
rCold    . . .     Faith    .   c - +0 kite shield
rNeg     . . .     Spirit   .   b - +0 scale mail
rPois    .         Reflect  .   (no helmet)
rElec    .         Harm     .   (no cloak)
rCorr    .         Rampage  .   (no gloves)
Will     .....                  (no boots)
Stlth    ..........             (no amulet)
HPRegen  0.11/turn              (no ring)
MPRegen  0.08/turn              (no ring)

@: no status effects
A: no striking features
a: no special abilities


You were on level 2 of the Dungeon.
You visited 1 branch of the dungeon, and saw 2 of its levels.

You collected 96 gold pieces.

Inventory:

Hand Weapons
 a - a +0 war axe (weapon)
Armour
 b - a +0 scale mail (worn)
 c - a +0 kite shield (worn)
Scrolls
 e - a scroll of blinking {unknown}
 g - a scroll of teleportation {unknown}
 h - a scroll of identify {unknown}
 i - a scroll of enchant armour {unknown}
Potions
 d - a potion of might
 f - a potion of magic {unknown}


   Skills:
 + Level 4.1 Fighting
 + Level 3.3 Axes
 + Level 3.7 Armour
 + Level 3.7 Shields


You had 2 spell levels left.
You didn't know any spells.
Your spell library was empty.

Dungeon Overview and Level Annotations

Branches:
Dungeon (2/15)

Altars:

Annotations:
D:2 Sigmund


Message History

The hobgoblin hits you but does no damage.
You slash the hobgoblin!
You kill the hobgoblin!
There is an escape hatch in the ceiling, spattered with blood here.
You see here a hobgoblin corpse.
HP restored.
i - a scroll labelled KULAUS ORIY A worm comes into view.
A worm is nearby!
The worm bites you but does no damage.
You hit the worm.
The worm is lightly wounded.
The worm bites you.
You hit the worm.
The worm is lightly wounded.
You block the worm's attack.
You hit the worm.
The worm is lightly wounded.
You slash the worm!
The worm is severely wounded.
You hear a shout!
Sigmund the Dreaded comes into view.
He is wielding a +0 scythe.
The worm bites you. Sigmund hits you with a +0 scythe!
You hit the worm.
The worm is almost dead.
You hit Sigmund but do no damage. You block Sigmund's attack.
The worm bites you! Sigmund closely misses you.
You hit the worm.
You kill the worm!
You hit Sigmund.
Sigmund points at you and mumbles some strange words.
The magic dart hits you.
* * * LOW HITPOINT WARNING * * *
Sigmund hits you but does no damage. Sigmund casts a spell at you.
The magic dart hits you.
* * * LOW HITPOINT WARNING * * *
Sigmund gestures at you while chanting. The magic dart hits you!
You die...

.####
......##############.##
#.......@...........#
#.#..####...........#
#.. #...#######.# # #..
#...# #.# .# #..
#..@#######.####.#. #..
#.................. #..
#......####......# #..
####...##.......###
#..<##.#........
#...##.......###
#...##.......#
#...##.......#
#...##.......####


You could see Sigmund.

Vanquished Creatures
  2 worms (D:2)
  2 dart slugs
  2 endoplasms (D:1)
  3 giant cockroaches (D:1)
  3 goblins (D:1)
  2 hobgoblins
  A kobold (D:1)
  2 quokkas (D:1)
  2 ball pythons
  2 frilled lizards
  3 rats
24 creatures vanquished.

Notes
Turn   | Place    | Note
-------+----------+-------------------------------------------
     0 | D:1      | tokuyamm9 the Hill Orc Fighter began the quest for the Orb.
     0 | D:1      | Reached XP level 1. HP: 19/19 MP: 1/1
   303 | D:1      | Reached XP level 2. HP: 25/27 MP: 2/2
  1010 | D:1      | Reached skill level 4 in Fighting
  1185 | D:2      | Reached XP level 3. HP: 33/33 MP: 3/3
  1389 | D:2      | Noticed Sigmund
  1398 | D:2      | Killed from afar by Sigmund

Illustrated notes

Levels and vault maps discovered:
D:1:      evilmike_arrival_plus, layout_basic
D:2:      layout_basic, basic_altar, minmay_statues_item, uniq_sigmund

Skill      XL: |  1  2 |
---------------+-------+-----
Axes           | 3 |  3.3
Fighting       | 4 |  4.1
Armour         | |  3.7
Shields        | |  3.7

Action                   || total
-------------------------++-------
Melee: War axe           ||    78
Armor: Scale mail        ||    35
Dodge: Dodged            ||    17
Block: Kite shield       ||    30
